 Dungeon Crawl Stone Soup version 0.29-a0-323-g050149af67 (webtiles) character file.

Game seed: 13505976606933036317

3103 Dauddaud the Cleaver (level 9, -1/78 HPs)
             Began as a Minotaur Gladiator on Apr 12, 2022.
             Was a Priest of Makhleb.
             Succumbed to an orc wizard's poison
             ... on level 7 of the Dungeon.
             The game lasted 00:38:28 (4494 turns).

Dauddaud the Cleaver (Minotaur Gladiator)           Turns: 4494, Time: 00:38:28

Health: -1/78      AC: 14    Str: 23    XL:     9   Next: 59%
Magic:  8/8        EV: 10    Int:  5    God:    Makhleb [***...]
Gold:   270        SH:  0    Dex: 14    Spells: 8/8 levels left

rFire   . . .      SeeInvis .   i - +0 executioner's axe (venom)
rCold   . . .      Faith    .   (shield currently unavailable)
rNeg    . . .      Spirit   .   e - +0 chain mail
rPois   .          Reflect  .   c - +0 hat
rElec   .          Harm     .   (no cloak)
rCorr   +          Rampage  .   S - +2 pair of gloves
Will    .....                   (no boots)
Stlth   ..........              v - amulet of regeneration
HPRegen 1.03/turn               k - ring of resist corrosion
MPRegen 0.11/turn               (no ring)

@: lethally poisoned (-1 -> -7), hasted, very quick
A: horns 2, retaliatory headbutt, agile 1, wild magic 1
a: Renounce Religion, Minor Destruction, Lesser Servant of Makhleb


You were on level 7 of the Dungeon.
You worshipped Makhleb.
Makhleb was most pleased with you.
You visited 1 branch of the dungeon, and saw 6 of its levels.
You also visited: Sewer.

You collected 270 gold pieces.

Inventory:

Hand Weapons
 a - a +0 war axe
 g - a +0 whip
 i - a +0 executioner's axe of venom (weapon)
 r - a +1 scimitar of protection
 C - a +0 vampiric whip
 M - a +2 flail of protection
 N - a +3 scimitar of protection
 P - a +1 long sword of holy wrath
 R - a +2 long sword of electrocution
Missiles
 d - 3 throwing nets
 h - 2 curare-tipped darts (quivered)
 l - 195 stones
 w - 21 poisoned darts
 x - a javelin
 F - 2 boomerangs
Armour
 b - a +0 leather armour
 c - a +0 hat (worn)
 e - a +0 chain mail (worn)
 o - +0 steam dragon scales
 p - a +0 scale mail
 t - a +0 ring mail
 y - a +0 helmet
 z - a +0 scale mail
 A - a +0 kite shield
 J - an orb of energy
 S - a +2 pair of gloves (worn)
Magical Staves
 B - a staff of fire
Jewellery
 f - an amulet of magic regeneration
 k - a ring of resist corrosion (left hand)
 v - an amulet of regeneration (around neck)
 K - a ring of see invisible
Wands
 s - a wand of paralysis (4)
 H - a wand of mindburst (6)
Scrolls
 j - 5 scrolls of identify {unknown}
 n - a scroll of immolation {unknown}
 q - a scroll of holy word {unknown}
 u - a scroll of torment {unknown}
 D - 2 scrolls of noise {unknown}
 G - 3 scrolls of teleportation {unknown}
 I - a scroll of fear {unknown}
 Q - 2 scrolls of enchant weapon {unknown}
Potions
 m - 2 potions of flight
 O - 2 potions of attraction


   Skills:
 + Level 6.7 Fighting
 + Level 11.9 Axes
 + Level 2.2 Throwing
 + Level 8.2 Armour
 + Level 4.4 Dodging
 + Level 1.5 Stealth
 + Level 0.2 Evocations


You had 8 spell levels left.
You didn't know any spells.
Your spell library contained the following spells:

 Spells                   Type           Power      Damage    Failure   Level
 Conjure Flame            Conj/Fire      0%         6-21      100%        3
 Ignite Poison            Fire/Tmut/Pois 0%         N/A       100%        3
 Ice Form                 Ice/Tmut       0%         N/A       100%        4
 Sticky Flame             Conj/Fire      0%         2d3       100%        4
 Summon Lightning Spire   Summ/Air       0%         N/A       100%        4
 Summon Forest            Summ/Tloc      0%         N/A       100%        5
 Eringya's Noxious Bog    Tmut/Pois      0%         N/A       100%        6
 Ozocubu's Refrigeration  Ice            0%         4d5       100%        7
 Storm Form               Tmut/Air       0%         N/A       100%        7
 Summon Hydra             Summ           0%         N/A       100%        7
 Maxwell's Capacitive Co  Air            0%         ∞         100%        8


Dungeon Overview and Level Annotations

Branches:
Dungeon (7/15)              Sewer (visited)
 Temple: D:4-7

Altars:
Makhleb
Qazlal
Sif Muna
Yredelemnul


Innate Abilities, Weirdness & Mutations

You have a pair of horns on your head.
You reflexively headbutt those who attack you in melee.
You are agile. (Dex +2)
Your spells are a little harder to cast, but a little more powerful.


Message History

An orc wizard comes into view. It is wielding a +0 dagger of venom.
The orc warrior hits you from afar with a +0 halberd!
Items here: ))))) [ †††.
There are no items here.
There are no items here.
The orc warrior hits you from afar with a +0 halberd.
The orc warrior closely misses you.
The orc warrior hits you but does no damage.
The orc warrior misses you.
The orc warrior hits you from afar with a +0 halberd!
You closely miss the orc. You headbutt the orc.
The orc is moderately wounded.
The orc warrior hits you but does no damage.
The orc barely misses you.
The orc wizard casts a spell.
The orc wizard flickers and vanishes!
Deactivating autopickup; reactivate with Ctrl-A.
The orc warrior hits you from afar with a +0 halberd!
The orc closely misses you.
You slice the orc!!
You kill the orc!
Makhleb accepts your kill.
You can now summon a lesser servant of Makhleb.
You feel better.
The orc warrior hits you from afar with a +0 halberd!!
A magic dart appears from out of thin air!
The magic dart hits you.
The orc warrior hits you with a +0 halberd!
* * * LOW HITPOINT WARNING * * *
Something hits you but does no damage.
You are poisoned.
Items here: $ )))))) [ †††.
It was a potion of haste.
You feel yourself speed up.
You feel sick.
The orc warrior hits you with a +0 halberd!
* * * LOW HITPOINT WARNING * * *
Something hits you but does no damage.
You are more poisoned.
As you read the scroll labelled ZIRAHY OJUOXT, it crumbles to dust.
The scroll dissolves into smoke.
It was a scroll of fog.
You die...

#.#. #.# #.# #.## #.###
#..# ..#!# #..##
#...### #...#
......####...#.###
...........###..§#
.......#### ###§#
.......# #####@######
........# #...o{§....#
..<...... #..§§.§....#
......................#
.....#....###########.#
####..### #.# # #.# #.#
.... .. ..# ###. ###


You could see an orc warrior.

Vanquished Creatures
  A troll (D:6)
  A vampire (D:6)
  2 steam dragons (D:6)
  Edmund (D:6)
  A water moccasin (D:6)
  4 ice beasts
  2 black bears (D:6)
  A sky beast (D:7)
  A hornet zombie (D:6)
  2 centaurs
  3 kobold brigands
  Blork the orc (D:6)
  A bullfrog (D:6)
  2 water moccasin zombies (D:6)
  A wyvern zombie (D:6)
  4 scorpions
  A howler monkey (D:6)
  A centaur zombie (D:6)
  2 hounds
  A bullfrog zombie (D:6)
  A gnoll shaman (D:6)
  3 orc priests
  3 orc wizards
  2 iguanas (D:6)
  2 adders
  3 river rats
  4 gnolls (D:5)
  A shadow imp (D:7)
  2 white imps (D:6)
  2 ufetubi
  3 worms
  A dart slug (D:3)
  19 orcs
  4 bats
  5 endoplasms
  2 giant cockroaches
  4 goblins
  7 hobgoblins
  5 jackals
  20 kobolds
  A quokka (D:5)
  3 ball pythons
  4 frilled lizards
  8 rats
142 creatures vanquished.

Vanquished Creatures (others)
  An iguana (D:6)
  An orc (D:6)
2 creatures vanquished.

Grand Total: 144 creatures vanquished

Notes
Turn   | Place    | Note
-------+----------+-------------------------------------------
     0 | D:1      | Dauddaud the Minotaur Gladiator began the quest for the
                  | Orb.
     0 | D:1      | Reached XP level 1. HP: 18/18 MP: 0/0
    64 | D:1      | Reached XP level 2. HP: 19/25 MP: 1/1
    71 | D:1      | Reached skill level 4 in Axes
   182 | D:1      | Found a faded altar of an unknown god.
   184 | D:1      | Prayed at the altar of an unknown god.
   184 | D:1      | Became a worshipper of Sif Muna the Loreminder
   184 | D:1      | Reached * piety under Sif Muna
   587 | D:1      | Reached XP level 3. HP: 24/30 MP: 2/2
   601 | D:1      | Got the Handbook of the Glacier
   932 | D:2      | Reached ** piety under Sif Muna
   933 | D:2      | Reached skill level 1 in Armour
  1294 | D:2      | Found a burning altar of Makhleb.
  1299 | D:2      | Fell from the grace of Sif Muna
  1299 | D:2      | Became a worshipper of Makhleb the Destroyer
  1414 | D:3      | Reached XP level 4. HP: 23/37 MP: 3/3
  1751 | D:3      | You fall into a shaft and drop 2 floors!
  1751 | D:5      | Entered Level 5 of the Dungeon
  1762 | D:5      | Noticed a scorpion
  1764 | D:5      | Reached skill level 5 in Axes
  1764 | D:5      | Noticed an ice beast
  1774 | D:5      | Killed a scorpion
  1775 | D:5      | Reached XP level 5. HP: 13/45 MP: 4/4
  1781 | D:5      | Gained mutation: Your spells are a little harder to cast,
                  | but a little more powerful. [potion of mutation]
  1781 | D:5      | Gained mutation: You are agile. (Dex +2) [potion of
                  | mutation]
  1784 | D:5      | Killed an ice beast
  1785 | D:5      | Reached skill level 6 in Axes
  1830 | D:5      | Reached XP level 6. HP: 51/51 MP: 5/5
  1842 | D:5      | Found a glowing drain.
  1846 | Sewer    | Entered a sewer
  1857 | Sewer    | Reached * piety under Makhleb
  1977 | Sewer    | Found a white marble altar of Elyvilon.
  2028 | D:5      | Reached skill level 7 in Axes
  2295 | D:5      | Reached XP level 7. HP: 43/57 MP: 6/6
  2534 | D:5      | Reached skill level 8 in Axes
  2910 | D:6      | Noticed a steam dragon
  2920 | D:6      | Killed a steam dragon
  2980 | D:6      | Reached skill level 5 in Armour
  3057 | D:6      | Noticed Edmund
  3064 | D:6      | Killed Edmund
  3065 | D:6      | Reached skill level 9 in Axes
  3065 | D:6      | Reached XP level 8. HP: 59/67 MP: 7/7
  3078 | D:6      | Noticed Blork the orc
  3098 | D:6      | Killed Blork the orc
  3122 | D:6      | Reached ** piety under Makhleb
  3123 | D:6      | Reached skill level 5 in Fighting
  3135 | D:6      | Reached skill level 10 in Axes
  3212 | D:6      | Found a basalt altar of Yredelemnul.
  3249 | D:6      | Reached XP level 9. HP: 72/75 MP: 8/8
  3574 | D:6      | Noticed a troll
  3604 | D:6      | Reached skill level 11 in Axes
  3689 | D:6      | Killed a troll
  4146 | D:7      | Reached skill level 1 in Stealth
  4429 | D:7      | Found a stormy altar of Qazlal.
  4491 | D:7      | Reached *** piety under Makhleb
  4493 | D:7      | HP: 1/78 [orc warrior/+0 halberd (8)]
  4494 | D:7      | Succumbed to an orc wizard's poison

Illustrated notes

Levels and vault maps discovered:
D:1:      dpeg_arrival_rhombi, layout_rooms, chequers_ecumenical_altar_twisty
D:2:      layout_loops_ring, basic_altar
D:3:      wander_river, layout_basic
D:5:      layout_loops_ring, gup_sewer_entry_bowl
D:6:      wad_guarded_room, layout_basic, nicolae_yredelemnul_corpse_copse,
          uniq_blork_the_orc, uniq_edmund
D:7:      layout_rooms, mainiacjoe_overflow_swirl, temple_doors_ab

Skill      XL: |  1  2  3  4  5  6  7  8  9 |
---------------+----------------------------+-----
Axes           | 4 5 6 7 9 10 11 | 11.9
Armour         | 1 2 3 5 6 8 |  8.2
Fighting       | 3 4 6 |  6.7
Dodging        | 4 |  4.4
Stealth        | 1 |  1.5
Throwing       | |  2.2
Evocations     | |  0.2

Action                   |  1- 3 |  4- 6 |  7- 9 || total
-------------------------+-------+-------+-------++-------
Melee: War axe           |    12 |       |       ||    12
       Headbutt          |    10 |    12 |    45 ||    67
       Executioner's axe |    62 |    82 |   196 ||   340
Throw: Dart              |     2 |       |       ||     2
       Javelin           |     1 |       |       ||     1
Evoke: Wand              |       |       |     2 ||     2
  Use: Potion            |       |     5 |     5 ||    10
       Scroll            |       |     1 |     1 ||     2
Armor: Leather armour    |    12 |       |       ||    12
       Scale mail        |    19 |     2 |       ||    21
       Chain mail        |       |    48 |   151 ||   199
       Skin              |       |    10 |       ||    10
Dodge: Dodged            |    56 |    42 |   116 ||   214

Table legend: (Time is in decaauts)
 A = Elapsed time spent in this place.
 B = Non-inter-level travel time spent in this place.
 C = Inter-level travel time spent in this place.
 D = Time resting spent in this place.
 E = Time spent auto-exploring this place.
 F = Levels seen in this place.
 G = Mean time per level.
                   A        B        C        D        E       F      G
               +--------+--------+--------+--------+--------+-----+--------+
         Total |   4722 |   4626 |     96 |    411 |   2796 |   7 |  674.6 |
       Dungeon |   4500 |   4404 |     96 |    407 |   2681 |   6 |  750.0 |
         Sewer |    221 |    221 |      0 |      3 |    115 |   1 |  221.0 |
               +--------+--------+--------+--------+--------+-----+--------+

Top non-repeatable levels by time:
     D:6: 1421 daAuts
     D:1: 845 daAuts
     D:5: 813 daAuts
     D:2: 567 daAuts
     D:7: 460 daAuts
     D:3: 393 daAuts
   Sewer: 221 daAuts
